 Dungeon Crawl Stone Soup version 0.30-a0-297-g0ec75d9ef4 (webtiles) character file.

Game seed: 4027885227492389947

489 purpskrrrp the Skirmisher (level 7, -6/50 HPs)
             Began as a Gnoll Hunter on Oct 19, 2022.
             Mangled by a kobold brigand
             ... wielding a +0 short sword
              (7 damage)
             ... in a sewer.
             The game lasted 00:07:28 (2696 turns).

purpskrrrp the Skirmisher (Gnoll Hunter)            Turns: 2696, Time: 00:07:28

Health: -6/50      AC:  8    Str: 13      XL:     7   Next: 14%
Magic:  10/10      EV: 13    Int:  8      God:
Gold:   131        SH:  0    Dex: 14 (15) Spells: 10/10 levels left

rFire   . . .      SeeInvis .    l - +1 whip (vamp)
rCold   . . .      Faith    +    (no shield)
rNeg    . . .      Spirit   .    c - +0 leather armour
rPois   .          Reflect  .    (no helmet)
rElec   .          Harm     .    (no cloak)
rCorr   .          Rampage  .    (no gloves)
Will    .....                    g - +0 pair of boots
Stlth   ++........               p - amulet of faith
HPRegen 0.28/turn                o - ring of flight
MPRegen 0.12/turn                (no ring)

@: flying
A: fangs 1, strong nose, distributed training, iridescent scales 2, frail 1
a: no special abilities


You were in a sewer.
You visited 1 branch of the dungeon, and saw 4 of its levels.
You also visited: Sewer.

You collected 131 gold pieces.

Inventory:

Hand Weapons
 a - a +1 shortbow
 e - a +1 dagger of draining
 j - a +0 morningstar
 l - a +1 vampiric whip (weapon)
Armour
 c - a +0 leather armour (worn)
 g - a +0 pair of boots (worn)
Jewellery
 o - a ring of flight (left hand)
 p - an amulet of faith (around neck)
Wands
 d - a wand of charming (8)
 f - a wand of digging (5)
 h - a wand of light (2)
Scrolls
 b - a scroll of immolation
 i - a scroll of vulnerability
 q - 3 scrolls of teleportation
Potions
 m - 2 potions of attraction
 n - 2 potions of lignification


   Skills:
 + Level 5.2 Fighting
 + Level 2.3 Short Blades
 + Level 2.3 Long Blades
 + Level 2.3 Axes
 + Level 2.3 Maces & Flails
 + Level 2.3 Polearms
 + Level 2.3 Staves
 + Level 8.9 Ranged Weapons
 + Level 2.3 Throwing
 + Level 2.3 Armour
 + Level 5.2 Dodging
 + Level 3.4 Stealth
 + Level 2.3 Shields
 + Level 2.3 Unarmed Combat
 + Level 2.3 Spellcasting
 + Level 1.9 Conjurations
 + Level 1.9 Hexes
 + Level 1.9 Summonings
 + Level 1.9 Necromancy
 + Level 1.9 Translocations
 + Level 1.9 Transmutations
 + Level 1.9 Fire Magic
 + Level 1.9 Ice Magic
 + Level 1.9 Air Magic
 + Level 1.9 Earth Magic
 + Level 1.9 Poison Magic
 + Level 2.6 Invocations
 + Level 2.3 Evocations


You had 10 spell levels left.
You didn't know any spells.
Your spell library contained the following spells:

 Spells                   Type           Power      Damage    Failure   Level
 Frozen Ramparts          Ice            8%         1d2       52%         3
 Ice Form                 Ice/Tmut       4%         N/A       89%         4
 Summon Ice Beast         Ice/Summ       4%         N/A       89%         4


Dungeon Overview and Level Annotations

Branches:
Dungeon (4/15)              Sewer (1/1)
 Temple: D:4-7

Altars:

Shops:
D:2 :

Annotations:
D:2 1 runed translucent door, Crazy Yiuf


Innate Abilities, Weirdness & Mutations

You have very sharp teeth.
Your uncanny sense of smell can sniff out nearby items.
Your experience applies equally to all skills.
You are mostly covered in iridescent scales. (AC +4)
You are frail. (-10% HP)


Message History

The kobold hits you but does no damage.
The kobold brigand hits you but does no damage.
You hit the kobold brigand.
You feel better.
The kobold brigand is heavily wounded.
The kobold misses you.
The kobold brigand hits you but does no damage.
You hit the kobold brigand.
You feel better.
The kobold brigand is heavily wounded.
The kobold hits you but does no damage.
The kobold brigand hits you with a +0 short sword.
* * * LOW HITPOINT WARNING * * *
You hit the kobold brigand.
You feel better.
The kobold brigand is severely wounded.
The kobold closely misses you. The kobold brigand misses you.
You hit the kobold brigand but do no damage.
The kobold brigand is severely wounded.
The kobold closely misses you.
The kobold brigand completely misses you.
You hit the kobold brigand.
You feel better.
Your punch misses the kobold brigand.
The kobold brigand is severely wounded.
The kobold hits you with a +0 short sword.
* * * LOW HITPOINT WARNING * * *
The kobold brigand hits you with a +0 short sword.
* * * LOW HITPOINT WARNING * * *
You hit the kobold brigand.
You feel better.
The kobold brigand is severely wounded.
The kobold hits you but does no damage.
The kobold brigand hits you with a +0 short sword.
* * * LOW HITPOINT WARNING * * *
You completely miss the kobold brigand.
The kobold brigand is severely wounded.
The kobold closely misses you.
The kobold brigand hits you with a +0 short sword.
* * * LOW HITPOINT WARNING * * *
You closely miss the kobold brigand.
The kobold brigand is severely wounded.
The kobold barely misses you.
The kobold brigand hits you with a +0 short sword!
You die...

##.## ##..[## #≈...~#
#≈...≈# #≈...~# #≈...≈#
#≈...≈# #~...~# ##@''##
#########KK...#########
##≈≈≈≈≈≈#.K§.§..#≈≈≈≈≈≈##
#!......')......'.......###
∩!(......'.§._.§.'...§..[.∩#
##?......'.......'.......###
##≈≈≈≈≈≈#...§...#≈≈≈≈≈≈##
##########...##########
#############)#######


You could see a kobold brigand and 2 kobolds.

Vanquished Creatures
  Grinder (Sewer)
  Sigmund (D:2)
  2 quasits (Sewer)
  Jessica (D:2)
  6 adders
  3 gnolls (D:3)
  3 ufetubi (Sewer)
  3 dart slugs (D:2)
  3 orcs (D:3)
  A bat zombie (Sewer)
  4 endoplasms
  7 giant cockroaches
  5 goblins
  7 hobgoblins
  31 kobolds
  5 quokkas
  8 ball pythons
  2 bats (D:1)
  7 frilled lizards
  11 rats
111 creatures vanquished.

Vanquished Creatures (others)
  A kobold zombie (Sewer)
  A plant (D:1)
2 creatures vanquished.

Grand Total: 113 creatures vanquished

Notes
Turn   | Place    | Note
-------+----------+-------------------------------------------
     0 | D:1      | purpskrrrp the Gnoll Hunter began the quest for the Orb.
     0 | D:1      | Reached XP level 1. HP: 20/20 MP: 1/1
    43 | D:1      | Reached XP level 2. HP: 26/26 MP: 2/2
   402 | D:1      | Reached XP level 3. HP: 31/31 MP: 3/3
   789 | D:2      | Reached skill level 1 in Invocations
   792 | D:2      | Noticed Sigmund
   799 | D:2      | Killed Sigmund
   800 | D:2      | Reached skill level 1 in Short Blades
   800 | D:2      | Reached skill level 1 in Long Blades
   800 | D:2      | Reached skill level 1 in Axes
   800 | D:2      | Reached skill level 1 in Maces & Flails
   800 | D:2      | Reached skill level 1 in Polearms
   800 | D:2      | Reached skill level 1 in Staves
   800 | D:2      | Reached skill level 1 in Throwing
   800 | D:2      | Reached skill level 1 in Armour
   800 | D:2      | Reached skill level 1 in Shields
   800 | D:2      | Reached skill level 1 in Unarmed Combat
   800 | D:2      | Reached skill level 1 in Spellcasting
   800 | D:2      | Reached skill level 1 in Conjurations
   800 | D:2      | Reached skill level 1 in Hexes
   800 | D:2      | Reached skill level 1 in Summonings
   800 | D:2      | Reached skill level 1 in Necromancy
   800 | D:2      | Reached skill level 1 in Translocations
   800 | D:2      | Reached skill level 1 in Transmutations
   800 | D:2      | Reached skill level 1 in Fire Magic
   800 | D:2      | Reached skill level 1 in Ice Magic
   800 | D:2      | Reached skill level 1 in Air Magic
   800 | D:2      | Reached skill level 1 in Earth Magic
   800 | D:2      | Reached skill level 1 in Poison Magic
   800 | D:2      | Reached skill level 1 in Evocations
   800 | D:2      | Reached XP level 4. HP: 29/38 MP: 4/6
   800 | D:2      | Reached XP level 5. HP: 33/43 MP: 4/7
   981 | D:2      | Reached XP level 6. HP: 45/50 MP: 8/8
  1046 | D:2      | Noticed Jessica
  1047 | D:2      | Killed Jessica
  1048 | D:2      | Reached skill level 5 in Fighting
  1048 | D:2      | Reached skill level 5 in Dodging
  1212 | D:2      | Found Epeoz's Book Shoppe.
  1297 | D:2      | Found a runed translucent door.
  1298 | D:2      | Noticed Crazy Yiuf
  2084 | D:4      | Found a glowing drain.
  2101 | Sewer    | Entered a sewer
  2326 | Sewer    | Reached XP level 7. HP: 45/56 MP: 10/10
  2364 | Sewer    | Found a burning altar of Makhleb.
  2395 | Sewer    | Noticed Grinder
  2403 | Sewer    | Paralysed by Grinder for 5 turns
  2415 | Sewer    | Gained mutation: You are partially covered in iridescent
                  | scales. (AC +2) [potion of mutation]
  2415 | Sewer    | Gained mutation: You are frail. (-10% HP) [potion of
                  | mutation]
  2415 | Sewer    | Gained mutation: You are mostly covered in iridescent
                  | scales. (AC +4) [potion of mutation]
  2535 | Sewer    | Paralysed by Grinder for 3 turns
  2544 | Sewer    | Killed Grinder
  2694 | Sewer    | HP: 2/50 [kobold brigand/+0 short sword (4)]
  2696 | Sewer    | Mangled by a kobold brigand

Illustrated notes

Levels and vault maps discovered:
D:1:      wander_arrival_fairy_ring, layout_basic, minmay_fountain_box,
          minmay_vboxes
D:2:      minmay_inner_zag, layout_rooms, serial_shops, nicolae_shop_crystal,
          uniq_sigmund, uniq_jessica, uniq_crazy_yiuf_cottage
D:3:      layout_rooms, due_unseen_surprise
D:4:      cheibrodos_old_hovel, layout_loops_ring, gup_sewer_entry_bubbles
Sewer:    kennysheep_sewer_church

Skill      XL: |  1  2  3  4  5  6 |
---------------+-------------------+-----
Invocations    | 1 2 |  2.6
Short Blades   | 1 2 |  2.3
Long Blades    | 1 2 |  2.3
Axes           | 1 2 |  2.3
Maces & Flails | 1 2 |  2.3
Polearms       | 1 2 |  2.3
Staves         | 1 2 |  2.3
Throwing       | 1 2 |  2.3
Armour         | 1 2 |  2.3
Shields        | 1 2 |  2.3
Unarmed Combat | 1 2 |  2.3
Spellcasting   | 1 2 |  2.3
Conjurations   | 1 |  1.9
Hexes          | 1 |  1.9
Summonings     | 1 |  1.9
Necromancy     | 1 |  1.9
Translocations | 1 |  1.9
Transmutations | 1 |  1.9
Fire Magic     | 1 |  1.9
Ice Magic      | 1 |  1.9
Air Magic      | 1 |  1.9
Earth Magic    | 1 |  1.9
Poison Magic   | 1 |  1.9
Evocations     | 1 2 |  2.3
Stealth        | 3 |  3.4
Fighting       | 5 |  5.2
Dodging        | 5 |  5.2
Ranged Weapons | |  8.9

Action                   |  1- 3 |  4- 6 |  7- 9 || total
-------------------------+-------+-------+-------++-------
Melee: Whip              |       |       |    36 ||    36
       Bite              |       |       |     4 ||     4
       Punch             |       |       |     1 ||     1
 Fire: Shortbow          |    81 |   207 |     7 ||   295
Evoke: Wand              |       |     1 |       ||     1
  Use: Scroll            |     3 |     8 |     1 ||    12
       Potion            |       |       |     4 ||     4
Armor: Leather armour    |     4 |    26 |    25 ||    55
Dodge: Dodged            |    15 |    48 |    35 ||    98

Table legend: (Time is in decaauts)
 A = Elapsed time spent in this place.
 B = Non-inter-level travel time spent in this place.
 C = Inter-level travel time spent in this place.
 D = Time resting spent in this place.
 E = Time spent auto-exploring this place.
 F = Levels seen in this place.
 G = Mean time per level.
                   A        B        C        D        E       F      G
               +--------+--------+--------+--------+--------+-----+--------+
         Total |   2704 |   2528 |    176 |    154 |   1745 |   5 |  540.8 |
       Dungeon |   2122 |   1946 |    176 |     75 |   1429 |   4 |  530.5 |
         Sewer |    582 |    582 |      0 |     79 |    316 |   1 |  582.0 |
               +--------+--------+--------+--------+--------+-----+--------+

Top non-repeatable levels by time:
     D:1: 793 daAuts
     D:2: 734 daAuts
   Sewer: 582 daAuts
     D:3: 490 daAuts
     D:4: 103 daAuts
